 Dungeon Crawl Stone Soup version 0.22.1-1-ga44c0e56f4 (webtiles) character file.

244020 Hanswurst the Hoplite (level 20, -2/188 HPs)
             Began as a Hill Orc Monk on Sept 22, 2018.
             Was the Champion of Wu Jian.
             Succumbed to poison (poison gas)
             ... on level 4 of the Swamp on Sept 23, 2018.
             The game lasted 11:48:18 (58613 turns).

Hanswurst the Hoplite (Hill Orc Monk)              Turns: 58613, Time: 11:48:19

Health: -2/188     AC: 33    Str: 21    XL:     20   Next: 25%
Magic:  9/18       EV: 16    Int: 10    God:    Wu Jian [******]
Gold:   4080       SH: 27    Dex: 21    Spells: 19/19 levels left

rFire    + . .     SeeInvis .   u - +1 hand axe (flame)
rCold    . . .     Gourm    .   t - +0 large shield
rNeg     . . .     Faith    .   Y - +5 plate armour of Gedeul {rCorr}
rPois    .         Spirit   .   b - +2 helmet
rElec    .         Reflect  +   N - +2 cloak {MR+}
rCorr    +         Harm     .   C - +1 pair of gloves "Sid Cokk" {rF+ Regen+ rCorr Dex+2}
MR       ++...                  z - +0 pair of boots
Stlth    ..........             P - +3 amulet of reflection
HPRegen  0.81/turn              E - +4 ring of dexterity
MPRegen  0.16/turn              K - +6 ring of evasion

@: lethally poisoned (-2 -> -119), berserk cooldown, slowed, very slow
A: low mp 1
a: Wall Jump, Serpent's Lash, Heavenly Storm, Renounce Religion


You were on level 4 of the Swamp.
You worshipped Wu Jian.
Wu Jian was exalted by your worship.
You were not hungry.

You visited 8 branches of the dungeon, and saw 37 of its levels.
You also visited: Bailey and Ice Cave.

You collected 4080 gold pieces.

Inventory:

Hand Weapons
 j - a +3 hand axe of freezing
 u - a +1 hand axe of flaming (weapon)
 B - a +3 war axe of venom
 Q - the +8 hand axe of Skirmishing {vamp, rElec rN+ Str+7 Dex-5}
   (You found it on level 3 of the Swamp)

   It inflicts no extra harm, but heals its wielder when it wounds a living foe.
   It affects your strength (+7).
   It affects your dexterity (-5).
   It insulates you from electricity.
   It protects you from negative energy.
 U - a +9 antimagic war axe
Missiles
 L - 42 tomahawks of returning (quivered)
Armour
 b - a +2 helmet (worn)
 t - a +0 large shield (worn)
 z - a +0 pair of boots (worn)
 C - the +1 pair of gloves "Sid Cokk" (worn) {rF+ Regen+ rCorr Dex+2}
   (You found it on level 6 of the Dungeon)

   It affects your dexterity (+2).
   It protects you from fire.
   It increases your rate of regeneration.
   It provides partial protection from all sources of acid and corrosion.
 H - the +1 pair of gloves of Zituum {rElec Int+2 Dex+4}
   (You found it in an ice cave)

   It affects your intelligence (+2).
   It affects your dexterity (+4).
   It insulates you from electricity.
 N - a +2 cloak of magic resistance (worn)
 Y - the +5 plate armour of Gedeul (worn) {rCorr}
   (You found it in an ice cave)

   It provides partial protection from all sources of acid and corrosion.
Jewellery
 i - an uncursed ring of magical power
 l - an uncursed ring of protection from magic
 y - an uncursed ring of fire
 E - a +4 ring of dexterity (left hand)
 K - a +6 ring of evasion (right hand)
 M - an uncursed amulet of guardian spirit
 P - a +3 amulet of reflection (around neck)
 X - an uncursed ring of positive energy
Wands
 s - a wand of iceblast (10)
 Z - a wand of acid (16)
Scrolls
 e - 11 scrolls of remove curse
 g - 5 scrolls of blinking
 r - a scroll of acquirement
 w - 18 scrolls of teleportation
 A - a scroll of silence
 D - 4 scrolls of fog
 F - 2 scrolls of enchant weapon
 G - 4 scrolls of enchant armour
 J - 7 scrolls of fear
 S - 4 scrolls of brand weapon
 T - 5 scrolls of magic mapping
Potions
 a - 5 potions of berserk rage
 d - 2 potions of cancellation
 f - 17 potions of curing
 h - 2 potions of flight
 k - 6 potions of ambrosia
 m - 4 potions of agility
 o - 3 potions of resistance
 p - 2 potions of might
 q - 4 potions of heal wounds
 v - 2 potions of invisibility
 x - 4 potions of brilliance
 O - 7 potions of lignification
 R - 2 potions of haste
 W - a potion of magic
Miscellaneous
 n - a fan of gales
 I - a phial of floods
 V - a phantom mirror
Comestibles
 c - 50 rations


   Skills:
 + Level 18.2 Fighting
 + Level 20.7(20.9) Axes
   Level 5.1(13.0) Maces & Flails
 + Level 3.3 Throwing
 + Level 14.5 Armour
 + Level 5.0 Dodging
 + Level 3.2 Stealth
 + Level 22.5 Shields
 + Level 1.0 Unarmed Combat
 + Level 0.2 Evocations


You had 19 spell levels left.
You didn't know any spells.
Your spell library contained the following spells:

 Spells                   Type           Power        Failure   Level  Hunger
 Animate Skeleton         Necr           N/A          99%         1    ##.....
 Apportation              Tloc           #.....       99%         1    ##.....
 Confusing Touch          Hex            #.....       99%         1    ##.....
 Corona                   Hex            #......      99%         1    ##.....
 Pain                     Necr           #...         99%         1    ##.....
 Sandblast                Erth           #.....       99%         1    ##.....
 Shock                    Conj/Air       #...         99%         1    ##.....
 Summon Small Mammal      Summ           #...         99%         1    ##.....
 Blink                    Tloc           N/A          100%        2    ###....
 Call Imp                 Summ           #.......     100%        2    ###....
 Ensorcelled Hibernation  Hex/Ice        #.....       100%        2    ###....
 Passwall                 Tmut/Erth      #.......     100%        2    ###....
 Shroud of Golubria       Chrm/Tloc      #.........   100%        2    ###....
 Sublimation of Blood     Necr           #.........   100%        2    ###....
 Swiftness                Chrm/Air       #.......     100%        2    ###....
 Call Canine Familiar     Summ           #.......     100%        3    ####...
 Confuse                  Hex            #.......     100%        3    ####...
 Dazzling Spray           Conj/Hex       #.....       100%        3    ####...
 Gell's Gravitas          Tloc           #.........   100%        3    ####...
 Ignite Poison            Fire/Tmut/Pois #.......     100%        3    ####...
 Lesser Beckoning         Tloc           #.........   100%        3    ####...
 Regeneration             Chrm/Necr      #.........   100%        3    ####...
 Static Discharge         Conj/Air       #.......     100%        3    ####...
 Stone Arrow              Conj/Erth      #.....       100%        3    ####...
 Summon Guardian Golem    Hex/Summ       #.......     100%        3    ####...
 Teleport Other           Tloc           #.......     100%        3    ####...
 Tukima's Dance           Hex            #.......     100%        3    ####...
 Vampiric Draining        Necr           #.........   100%        3    ####...
 Airstrike                Air            #.........   100%        4    #####..
 Animate Dead             Necr           N/A          100%        4    #####..
 Passage of Golubria      Tloc           N/A          100%        4    #####..
 Petrify                  Tmut/Erth      #.......     100%        4    #####..
 Summon Ice Beast         Ice/Summ       #.......     100%        4    #####..
 Summon Lightning Spire   Summ/Air       #.......     100%        4    #####..
 Alistair's Intoxication  Tmut/Pois      #.......     100%        5    ######.
 Bolt of Magma            Conj/Fire/Erth #.........   100%        5    ######.
 Irradiate                Conj/Tmut      #.........   100%        5    ######.
 Iskenderun's Battlesphe  Conj/Chrm      #.......     100%        5    ######.
 Lee's Rapid Deconstruct  Erth           #.........   100%        5    ######.
 Lightning Bolt           Conj/Air       #.........   100%        5    ######.
 Metabolic Englaciation   Hex/Ice        #.........   100%        5    ######.
 Venom Bolt               Conj/Pois      #.........   100%        5    ######.
 Yara's Violent Unravell  Hex/Tmut       #.........   100%        5    ######.
 Iron Shot                Conj/Erth      #.........   100%        6    #######
 Orb of Destruction       Conj           #.........   100%        7    #######
 Spellforged Servitor     Conj/Summ      #.........   100%        7    #######


Dungeon Overview and Level Annotations

Branches:
Dungeon (15/15)            Temple (1/1) D:4            Lair (6/6) D:11
  Swamp (4/4) Lair:2       Spider (4/4) Lair:3        Slime (0/5) Lair:5
    Orc (2/2) D:9             Elf (3/3) Orc:2        Vaults (0/5) D:14
 Depths (2/5) D:15

Altars:
Ashenzari
Cheibriados
Dithmenos
Elyvilon
Gozag
Hepliaklqana
Kikubaaqudgha
Makhleb
Nemelex Xobeh
Okawaru
Qazlal
Ru
Sif Muna
Uskayaw
Vehumet
Wu Jian
Xom
Zin
The Shining One
Beogh
Jiyva
Lugonu

Shops:
Orc:2 [(%%   Elf:1 %

Portals:
Hell: Depths:1
Pandemonium: Depths:1
Trove: D:10 (give +6 demon whip)

Annotations:
Lair:5 1 runed door
Spider:4 Arachne
Depths:1 1 runed door


Innate Abilities, Weirdness & Mutations

Your magical capacity is low. (-10% MP)


Message History

* * * LOW HITPOINT WARNING * * *
x2 You feel extremely sick.
You block the swamp dragon's attack. x2; The swamp dragon closely misses you.
You repeatedly attack the swamp dragon from above.
You slice the swamp dragon!! You burn the swamp dragon.
You kill the swamp dragon!
The Council accepts your kill.
You are engulfed in poison gas.
You are more poisoned.
* * * LOW HITPOINT WARNING * * *
x2 You feel extremely sick.
A shambling mangrove comes into view.
You are too berserk!
You feel a strong urge to attack something.
* * * LOW HITPOINT WARNING * * *
You feel extremely sick.
You are no longer berserk.
You are exhausted.
You feel yourself slow down.
You die...

♣.≈≈≈≈≈≈≈≈≈≈≈≈.≈..f.♣..♣..≈.≈
♣♣§≈≈≈≈..≈≈≈≈.≈♣≈..♣♣≈≈♣§...§
♣.....†.≈.≈..♣♣≈≈.†♣♣..≈..≈≈♣≈
♣≈.♣♣.≈.†....≈♣♣..♣♣♣.≈.≈§≈.≈.
.≈≈♣≈.≈≈.?♣♣≈≈♣♣...♣..≈........
≈≈.≈♣♣♣≈..≈♣≈♣♣♣.§§♣.....≈≈.....≈
≈≈..♣♣♣♣≈..♣♣♣♣♣§§§♣§..≈....≈....
...≈.≈≈≈♣≈♣♣ ♣.§§.§.....≈≈.....≈
♣≈.≈≈≈♣♣♣.≈♣ ♣♣@♣§≈§.........≈..
....≈≈♣ ♣♣♣♣ ♣♣♣♣§.≈...≈..≈..§≈
≈≈.♣♣≈♣ ♣♣♣♣♣♣♣♣♣§♣...≈..♣.≈...≈≈
≈.≈♣♣♣♣♣♣≈≈≈≈.♣♣§§......≈♣♣≈≈....
≈..♣≈≈♣♣≈≈≈≈≈≈.♣♣§♣≈.≈.≈%♣≈....≈≈
≈≈♣♣♣..≈..≈≈≈≈♣♣♣♣♣♣♣.≈≈≈.≈[≈....
.♣♣♣♣♣♣≈≈..≈..♣♣♣♣♣ ♣≈≈...†≈.....
.♣♣....♣≈≈...♣♣≈..♣ ♣..≈..≈.≈.≈..
♣♣...≈≈≈≈♣♣≈♣♣♣..§♣ ♣♣≈♣♣≈♣♣..§..


There were no monsters in sight!

Vanquished Creatures
  Nikola (Elf:3)
  A tentacled monstrosity (D:13)
  3 thorn hunters
  A frost giant (Depths:1)
  2 deep elf sorcerers
  An orc warlord (D:9)
  5 emperor scorpions
  3 deep elf elementalists
  A reaper (Depths:1)
  4 very ugly things
  A deep elf demonologist (Elf:3)
  3 entropy weavers
  Azrael (D:12)
  The ghost of DeShaeron the Protected, a journeyman FoFi of Okawaru (Lair:3)
  A deep elf annihilator (Elf:3)
  A stone giant (Depths:1)
  A spark wasp (Spider:4)
  Erolcha (D:9)
  A yaktaur captain (D:15)
  A fire dragon (Lair:6)
  A great orb of eyes (D:15)
  A vault guard (D:14)
  19 hydras
  Harold (Lair:2)
  3 ice dragons
  4 rakshasas
  A death knight (D:11)
  4 centaur warriors
  The ghost of Azzok the Destroyer, a journeyman DsFE of Vehumet (D:10)
  3 catoblepae
  28 dancing weapons
  14 alligators
  An ogre mage (Depths:1)
  4 deep troll earth magi
  6 two-headed ogres
  3 orc high priests (Orc:1)
  8 death yaks
  Nergalle (Lair:2)
  3 tengu warriors
  23 deep elf knights
  A sun demon (Depths:1)
  7 hell knights
  A sixfirhy (Depths:1)
  7 deep trolls
  An unseen horror (D:12)
  A sea snake (shapeshifter) (D:14)
  A wizard (Depths:2)
  7 deep elf archers
  A shambling mangrove (Swamp:2)
  11 swamp dragons
  2 spriggan druids
  4 orc knights
  2 golden dragon skeletons (Depths:1)
  4 orc sorcerers
  20 ugly things
  10 orb spiders
  2 necromancers
  46 deep elf magi
  3 oklob plants (Lair:4)
  19 wolf spiders
  A manticore (shapeshifter) (Depths:1)
  2 manticores (D:14)
  4 cyclopes
  3 ice statues (IceCv)
  5 black mambas
  3 centaur zombies
  12 elephants
  2 torpor snails
  23 spiny frogs
  A gargoyle (D:13)
  A storm dragon simulacrum (Depths:1)
  4 kobold demonologists
  7 rime drakes
  9 komodo dragons
  A yaktaur (Depths:1)
  13 demonic crawlers
  A freezing wraith (D:11)
  9 ice devils (IceCv)
  A hellwing (Depths:1)
  A red devil (Depths:1)
  5 tengu conjurers
  2 meliai (shapeshifter)
  28 jumping spiders
  6 hornets
  6 trolls
  A polar bear (Lair:5)
  8 tyrant leeches
  Prince Ribbit (D:8)
  21 slime creatures
  21 blink frogs
  A deep troll zombie (Depths:1)
  4 bog bodies
  12 hippogriffs
  2 dream sheep (D:10)
  54 redbacks
  A shadow (Swamp:2)
  45 yaks
  An air elemental (Elf:2)
  33 tarantellas
  3 wyverns
  5 water elementals
  3 spriggans
  6 basilisks
  7 fire elementals
  A hungry ghost (D:9)
  8 wraiths
  2 chaos spawn
  Eustachio (D:6)
  24 vampire mosquitoes
  13 swamp worms
  9 insubstantial wisps
  3 acid dragons
  A warg (Orc:1)
  A hell hound (D:12)
  11 water moccasins
  A meliai simulacrum (D:14)
  21 swamp drakes
  10 porcupines
  Purgy (D:2)
  12 ice beasts
  4 sky beasts
  40 orc warriors
  A black bear (shapeshifter) (Depths:1)
  A black bear (D:10)
  2 eyes of draining
  A boggart (D:14)
  2 phantoms (D:9)
  A necrophage (D:5)
  8 centaurs
  12 ogres
  12 crocodiles
  A big kobold (shapeshifter) (D:13)
  5 big kobolds
  5 earth elementals
  5 small abominations (D:13)
  16 bullfrogs
  A gnoll sergeant (Orc:1)
  2 wyvern skeletons
  A spiny frog simulacrum (Lair:3)
  32 scorpions
  69 killer bees
  A troll zombie (D:9)
  A dream sheep simulacrum (Lair:3)
  3 wights (D:13)
  4 electric eels
  7 crimson imps
  2 bullfrog zombies
  2 draconian simulacra (IceCv)
  2 quasits
  A water moccasin simulacrum (Lair:3)
  6 hounds
  2 jellies
  15 orc priests
  2 bullfrog skeletons
  2 iron imps (Depths:1)
  32 orc wizards
  8 centaur skeletons
  5 iguanas
  Natasha (thrice) (D:2)
  10 hell rats
  A spriggan simulacrum (IceCv)
  3 troll simulacra (IceCv)
  6 worker ants
  5 ogre zombies (D:9)
  2 centaur simulacra (IceCv)
  2 hound skeletons
  A worker ant zombie (D:6)
  9 gnolls
  A naga simulacrum (IceCv)
  10 adders
  A crocodile simulacrum (Lair:3)
  An ogre simulacrum (IceCv)
  14 river rats
  3 shadow imps
  3 white imps (Depths:1)
  3 ufetubi (Depths:1)
  An adder skeleton (D:4)
  An adder zombie (D:7)
  2 worms
  2 dart slugs
  4 leopard geckos
  98 orcs
  2 ball pythons (D:4)
  8 bats
  3 giant cockroaches
  13 goblins
  8 hobgoblins
  13 jackals
  34 kobolds
  3 quokkas
  4 frilled lizards
  2 goblin skeletons (D:9)
  3 goblin zombies (D:9)
  2 orc skeletons (D:9)
  12 orc zombies (D:9)
  5 rats
  3 briar patches
  3 fungi
  11 plants
1442 creatures vanquished.

Vanquished Creatures (others)
  An alligator (Swamp:3)
  A centaur warrior (Depths:1)
  A deep elf knight (Elf:2)
  2 deep elf archers
  4 deep elf magi (Elf:1)
  A cyclops (D:15)
  A basilisk (Lair:6)
  A vampire (D:13)
  4 centaurs (Depths:1)
  An orc (Orc:2)
  5 briar patches (Swamp:2)
  8 fungi
  7 plants
37 creatures vanquished.

Grand Total: 1479 creatures vanquished

Notes
Turn   | Place    | Note
-------+----------+-------------------------------------------
     0 | D:1      | Hanswurst the Hill Orc Monk began the quest for the Orb.
     0 | D:1      | Reached XP level 1. HP: 19/19 MP: 1/1
   294 | D:1      | Reached XP level 2. HP: 25/27 MP: 2/2
   718 | D:2      | Noticed Natasha
   826 | D:2      | Reached XP level 3. HP: 31/33 MP: 3/3
  1098 | D:2      | Reached skill level 1 in Unarmed Combat
  1416 | D:2      | Reached XP level 4. HP: 41/41 MP: 4/4
  1444 | D:2      | Reached skill level 5 in Axes
  1477 | D:2      | Reached skill level 1 in Armour
  1809 | D:2      | Killed Natasha
  2210 | D:2      | Noticed Natasha
  2223 | D:2      | Killed Natasha
  2223 | D:2      | Reached XP level 5. HP: 23/47 MP: 5/5
  2741 | D:2      | Noticed Natasha
  2749 | D:2      | Killed Natasha
  3378 | D:3      | Noticed Purgy
  4266 | D:4      | Noticed an ogre
  4343 | D:4      | Reached XP level 6. HP: 35/53 MP: 6/6
  4813 | D:4      | Found a staircase to the Ecumenical Temple.
  4829 | Temple   | Entered the Ecumenical Temple
  4936 | Temple   | Became a worshipper of the Wu Jian Council
  4936 | Temple   | Reached * piety under Wu Jian
  4936 | Temple   | Reached ** piety under Wu Jian
  5288 | D:4      | HP: 1/53 [ogre/giant club (10)]
  5679 | D:5      | Entered Level 5 of the Dungeon
  6037 | D:5      | Noticed a necrophage
  6111 | D:4      | Reached XP level 7. HP: 55/59 MP: 7/7
  6707 | D:6      | Got a pair of distressingly furry gloves
  6731 | D:6      | Reached skill level 1 in Shields
  6737 | D:6      | Noticed Eustachio
  6786 | D:5      | Identified the +1 pair of gloves "Sid Cokk" {rF+ Regen+
                  | rCorr Dex+2} (You found it on level 6 of the Dungeon)
  6968 | D:6      | Killed Eustachio
  6968 | D:6      | Reached skill level 5 in Armour
  6968 | D:6      | Reached skill level 2 in Shields
  7045 | D:6      | Reached XP level 8. HP: 66/66 MP: 8/8
  7056 | D:6      | Reached skill level 3 in Shields
  7140 | D:6      | Found a hide-covered altar of Uskayaw.
  7144 | D:6      | Found a stormy altar of Qazlal.
  7148 | D:6      | Found a glowing silver altar of Zin.
  7467 | D:2      | Killed Purgy
  7840 | D:6      | Reached *** piety under Wu Jian
  7844 | D:6      | Reached skill level 5 in Fighting
  7995 | D:7      | Found a flagged portal.
  8050 | Bailey   | Entered a bailey
  8149 | Bailey   | Reached skill level 4 in Shields
  8216 | Bailey   | Reached skill level 1 in Throwing
  8216 | Bailey   | Reached skill level 5 in Shields
  8233 | Bailey   | Reached XP level 9. HP: 72/73 MP: 9/9
  8523 | Bailey   | Reached skill level 6 in Shields
  8761 | D:7      | Reached **** piety under Wu Jian
  8944 | D:7      | Found a shimmering altar of Xom.
  8946 | D:7      | Found a shimmering altar of Xom.
  8958 | D:7      | Found a shimmering altar of Xom.
  8959 | D:7      | Found a shimmering altar of Xom.
  8959 | D:7      | Found a shimmering altar of Xom.
  8961 | D:7      | Found a shimmering altar of Xom.
  8996 | D:7      | Reached skill level 10 in Axes
  9565 | D:8      | Reached skill level 7 in Shields
  9994 | D:8      | Noticed Prince Ribbit
 10226 | D:8      | Killed Prince Ribbit
 10505 | D:9      | Noticed a hornet
 10506 | D:9      | Noticed a two-headed ogre
 10513 | D:9      | Paralysed by a hornet for 1 turns
 10525 | D:9      | Paralysed by a hornet for 2 turns
 10543 | D:8      | Paralysed by a hornet for 2 turns
 10555 | D:8      | Paralysed by a hornet for 2 turns
 10869 | D:8      | Reached XP level 10. HP: 42/83 MP: 6/10
 11000 | D:9      | Reached skill level 8 in Shields
 11004 | D:9      | Found a sparkling altar of Nemelex Xobeh.
 11067 | D:9      | Found a staircase to the Orcish Mines.
 11179 | D:9      | Reached ***** piety under Wu Jian
 11791 | D:9      | Noticed Erolcha
 11812 | D:9      | Killed Erolcha
 11923 | D:9      | Found a hazy altar of Hepliaklqana.
 12184 | D:10     | Entered Level 10 of the Dungeon
 12274 | D:10     | Reached skill level 9 in Shields
 12396 | D:10     | Found a portal to a secret trove of treasure.
 12617 | D:10     | Found a runed gate.
 12618 | D:10     | Found a runed gate.
 12619 | D:10     | Found a runed gate.
 12620 | D:10     | Noticed Azzok's ghost (journeyman DsFE)
 12631 | D:10     | Got a smoking robe
 12769 | D:10     | Noticed a two-headed hydra
 12785 | D:10     | Killed a one-headed hydra
 12785 | D:10     | Reached skill level 10 in Shields
 12785 | D:10     | Reached XP level 11. HP: 93/93 MP: 11/11
 12875 | D:10     | Identified the cursed +1 robe "Plog" {Dex+3} (You found it
                  | on level 10 of the Dungeon)
 13822 | D:8      | Killed a two-headed ogre
 14194 | Orc:1    | Entered Level 1 of the Orcish Mines
 14328 | Orc:1    | Noticed an orc knight
 14339 | Orc:1    | Noticed an enchanted demon blade
 14342 | Orc:1    | Noticed an orc knight
 14382 | Orc:1    | Killed an orc knight
 14458 | Orc:1    | Killed an orc knight
 14540 | Orc:1    | Reached skill level 11 in Shields
 14555 | Orc:1    | Found a frozen archway.
 14564 | IceCv    | Entered an ice cave
 15469 | IceCv    | Reached XP level 12. HP: 88/103 MP: 10/12
 15542 | IceCv    | Reached ****** piety under Wu Jian
 16434 | IceCv    | Got an ichor-stained plate armour
 16455 | IceCv    | Identified the +5 plate armour of Gedeul {rCorr} (You found
                  | it in an ice cave)
 16479 | IceCv    | Got a pair of smoking gloves
 16491 | IceCv    | Identified the +1 pair of gloves of Zituum {rElec Int+2
                  | Dex+4} (You found it in an ice cave)
 16774 | Orc:2    | Entered Level 2 of the Orcish Mines
 17264 | Orc:2    | Reached skill level 12 in Shields
 17410 | Orc:2    | Found a staircase to the Elven Halls.
 17634 | Orc:2    | Found a roughly hewn altar of Beogh.
 18410 | Orc:2    | Noticed an orc high priest
 18641 | Orc:1    | Noticed a sun demon
 18650 | Orc:1    | Killed an orc high priest
 18948 | Orc:2    | Found a roughly hewn altar of Beogh.
 18949 | Orc:2    | Found Ledd's Food Boutique.
 19138 | Orc:1    | Reached skill level 10 in Fighting
 19309 | Orc:2    | Noticed an orc warlord
 19616 | Orc:2    | Noticed an orc high priest
 19718 | D:9      | Killed an orc warlord
 19718 | D:9      | Reached skill level 13 in Shields
 19881 | Orc:2    | Noticed a soul eater
 19887 | Orc:1    | Killed an orc high priest
 19951 | Orc:2    | Paralysed by an orc sorcerer for 6 turns
 19981 | Orc:1    | Paralysed by an orc sorcerer for 6 turns
 19983 | Orc:1    | Noticed a soul eater
 20128 | Orc:2    | Found Kapsif's Antique Armour Shoppe.
 20129 | Orc:2    | Found a roughly hewn altar of Beogh.
 20132 | Orc:2    | Found Iceplofe's Antique Weapon Emporium.
 20201 | Orc:2    | Found a roughly hewn altar of Beogh.
 20274 | Orc:2    | Reached XP level 13. HP: 111/112 MP: 13/13
 20290 | Orc:2    | Found a roughly hewn altar of Beogh.
 20341 | Orc:2    | Found a roughly hewn altar of Beogh.
 20603 | Orc:2    | Gained mutation: Your magical capacity is low. (-10% MP) [a
                  | neqoxec]
 20795 | Orc:2    | Found a roughly hewn altar of Beogh.
 20796 | Orc:2    | Found Wyczowao's Food Shoppe.
 20909 | Orc:2    | Paralysed by an orc sorcerer for 3 turns
 21692 | D:11     | Reached skill level 15 in Axes
 21846 | D:11     | Reached skill level 14 in Shields
 22564 | D:11     | Reached skill level 10 in Armour
 22634 | D:11     | Found a staircase to the Lair.
 22904 | Lair:1   | Entered Level 1 of the Lair of Beasts
 24363 | Lair:2   | Noticed Nergalle
 24390 | Lair:2   | Killed Nergalle
 24415 | Lair:2   | Reached skill level 15 in Shields
 24505 | Lair:2   | Noticed Harold
 24559 | Lair:2   | Killed Harold
 24757 | Lair:2   | Reached XP level 14. HP: 124/124 MP: 12/12
 24941 | Lair:2   | Found a staircase to the Swamp.
 25925 | Lair:3   | Noticed DeShaeron's ghost (journeyman FoFi)
 26242 | Lair:3   | Found a runed gate.
 26242 | Lair:3   | Found a runed gate.
 26242 | Lair:3   | Found a runed gate.
 26291 | Lair:3   | Found a hole to the Spider Nest.
 26504 | Lair:3   | Reached skill level 16 in Shields
 27036 | D:10     | Killed Azzok's ghost
 27134 | Elf:1    | Entered Level 1 of the Elven Halls
 27911 | Elf:1    | Found Tytomy's Food Boutique.
 28647 | Elf:1    | Reached XP level 15. HP: 133/133 MP: 13/13
 28753 | Elf:1    | Reached skill level 17 in Shields
 28945 | Elf:1    | Found a deep blue altar of Sif Muna.
 30135 | D:12     | You fall through a shaft for 3 floors!
 30135 | D:15     | Entered Level 15 of the Dungeon
 30822 | D:12     | Got a clouded copper amulet
 30824 | D:12     | Identified the amulet of the Enemy {rF+ Regen+} (You found
                  | it on level 12 of the Dungeon)
 31335 | D:12     | Noticed Azrael
 31454 | D:12     | Killed Azrael
 31886 | D:13     | Reached skill level 18 in Shields
 32140 | D:13     | Found a runed door.
 32903 | D:13     | Noticed a tentacled monstrosity
 32918 | D:13     | Reached XP level 16. HP: 130/146 MP: 4/14
 32935 | D:13     | Killed a tentacled monstrosity
 34122 | D:14     | Found a gate to the Vaults.
 34286 | D:14     | Found a corrupted altar of Lugonu.
 34658 | D:15     | Found a staircase to the Depths.
 35815 | D:15     | Got an iridescent morningstar
 35816 | D:15     | Identified the +6 morningstar of Zin's Approval {flame,
                  | Dex+3} (You found it on level 15 of the Dungeon)
 36497 | Lair:4   | Reached skill level 15 in Fighting
 36568 | Lair:4   | Got a jewelled scale mail
 36579 | Lair:4   | Identified the +8 scale mail "Sawkeps" {rElec rC+ MP+9}
                  | (You found it on level 4 of the Lair of Beasts)
 37300 | Lair:5   | Found a runed door.
 37303 | Lair:5   | Found a viscous altar of Jiyva.
 37304 | Lair:5   | Noticed an acid blob
 37305 | Lair:5   | Found a staircase to the Slime Pits.
 37444 | Lair:5   | Reached skill level 19 in Shields
 37913 | Lair:6   | Entered Level 6 of the Lair of Beasts
 38392 | Lair:6   | Reached XP level 17. HP: 148/156 MP: 5/15
 38568 | Lair:6   | Reached skill level 1 in Maces & Flails
 38656 | Lair:6   | Got a crude wooden ring
 38659 | Lair:6   | Identified the ring of Mistrust {*Drain rC+++ MP+9 Int+9
                  | Dex-2} (You found it on level 6 of the Lair of Beasts)
 38935 | Lair:6   | Got a transparent scimitar
 38936 | Lair:6   | Identified the +6 scimitar "Silacesy" {slice, rPois MR+
                  | Str-5 SInv} (You found it on level 6 of the Lair of Beasts)
 39785 | Swamp:1  | Entered Level 1 of the Swamp
 42271 | Elf:2    | Reached skill level 5 in Maces & Flails
 42807 | Elf:2    | Found a runed gate.
 42807 | Elf:2    | Found a runed gate.
 42809 | Elf:2    | Found a runed gate.
 43358 | Elf:3    | Entered Level 3 of the Elven Halls
 43359 | Elf:3    | Noticed Nikola
 43463 | Elf:3    | Killed Nikola
 43469 | Elf:3    | Reached skill level 20 in Shields
 43723 | Elf:3    | Noticed a Brimstone Fiend
 43724 | Elf:3    | Noticed a Brimstone Fiend
 44247 | Elf:3    | Got an encrusted great sword {slice}
 44251 | Elf:3    | Noticed a deep elf blademaster
 44451 | Elf:3    | Noticed a Tzitzimitl
 44741 | Elf:2    | Reached XP level 18. HP: 166/166 MP: 5/16
 46083 | Depths:1 | Entered Level 1 of the Depths
 46829 | Depths:1 | Found a one-way gate leading to the halls of Pandemonium.
 46981 | Depths:1 | Found an iron altar of Okawaru.
 49266 | Depths:1 | Found a gateway to Hell.
 50120 | Depths:1 | Reached skill level 21 in Shields
 50312 | Depths:1 | Found a runed door.
 51025 | Lair:3   | Killed DeShaeron's ghost
 51097 | Lair:3   | Got a silken robe
 51169 | Lair:3   | Identified the +1 robe "Damionum" {rN+++ MR- Int+4 Dex+3}
                  | (You found it on level 3 of the Lair of Beasts)
 51443 | Spider:1 | Entered Level 1 of the Spider Nest
 51479 | Spider:1 | Reached XP level 19. HP: 177/177 MP: 5/17
 55103 | Spider:4 | Entered Level 4 of the Spider Nest
 55454 | Spider:4 | Reached skill level 22 in Shields
 55497 | Spider:4 | Noticed Arachne
 56479 | Swamp:3  | Identified a scroll of acquirement
 57077 | Swamp:3  | Got a translucent hand axe
 57128 | Swamp:3  | Identified the +8 hand axe of Skirmishing {vamp, rElec rN+
                  | Str+7 Dex-5} (You found it on level 3 of the Swamp)
 57250 | Swamp:3  | Reached XP level 20. HP: 187/187 MP: 18/18
 57442 | Swamp:4  | Entered Level 4 of the Swamp
 58610 | Swamp:4  | Reached skill level 5 in Dodging
 58611 | Swamp:4  | HP: 13/282 [poison (poison gas)]
 58612 | Swamp:4  | HP: 6/282 [poison (poison gas)]
 58613 | Swamp:4  | Succumbed to poison (poison gas)

Skill      XL: |  1  2  3  4  5  6  7  8  9 10 11 12 13 14 15 16 17 18 19 20 |
---------------+-------------------------------------------------------------+-----
Fighting       | 4 5 6 8 9 10 11 12 14 15 16 17 18 | 18.2
Unarmed Combat | 1 |  1.0
Axes           | 5 6 8 9 11 12 14 15 16 18 19 20 | 20.7
Armour         | 2 4 5 6 7 8 9 10 11 12 13 14 | 14.5
Dodging        | 3 4 5 |  5.0
Shields        | 2 5 7 10 11 13 15 16 18 19 20 21 22 | 22.5
Stealth        | 2 3 |  3.2
Throwing       | 1 2 3 |  3.3
Maces & Flails | 5 |  5.1
Evocations     | |  0.2

Action                   |  1- 3 |  4- 6 |  7- 9 | 10-12 | 13-15 | 16-18 | 19-21 || total
-------------------------+-------+-------+-------+-------+-------+-------+-------++-------
Melee: Hand axe          |   116 |   338 |   535 |  2035 |  2883 |       |   214 ||  6121
       Unarmed           |     3 |       |       |       |       |       |       ||     3
       Punch             |       |     1 |       |       |       |       |       ||     1
       Falchion          |       |       |       |   100 |    51 |    11 |       ||   162
       War axe           |       |       |       |       |   215 |  2015 |  1250 ||  3480
       Morningstar       |       |       |       |       |       |   218 |       ||   218
       Long sword        |       |       |       |       |       |    36 |       ||    36
Throw: Tomahawk          |       |     1 |    18 |    31 |    10 |    20 |     5 ||    85
       Throwing net      |       |       |     6 |     1 |       |       |       ||     7
Invok: Lunge             |       |     4 |    19 |    45 |    66 |    76 |    38 ||   248
       Wall Jump         |       |     3 |    48 |   184 |   115 |   129 |   111 ||   590
       Whirlwind         |       |     2 |    34 |   375 |   663 |   453 |   361 ||  1888
Evoke: Wand              |       |     4 |       |     2 |     1 |       |       ||     7
  Use: Potion            |       |     3 |       |     2 |     2 |     2 |     4 ||    13
       Scroll            |       |       |    11 |     7 |    12 |    19 |     7 ||    56
 Stab: Held in net/web   |       |       |     2 |     4 |     5 |       |       ||    11
       Distracted        |       |       |       |       |     2 |     1 |       ||     3
       Petrified         |       |       |       |       |       |     3 |       ||     3
       Confused          |       |       |       |       |       |       |     3 ||     3
  Eat: Chunk             |     1 |    15 |    14 |    20 |    31 |    34 |    24 ||   139
       Ration            |       |       |     1 |     5 |     5 |     8 |     2 ||    21
Armor: Ring mail         |     6 |       |       |       |       |       |       ||     6
       Chain mail        |    76 |   167 |       |       |       |       |       ||   243
       Skin              |       |    16 |       |       |       |       |       ||    16
       Plate armour      |       |    40 |   258 |   408 |   665 |   490 |   385 ||  2246
Dodge: Dodged            |    49 |    98 |   122 |   283 |   504 |   443 |   373 ||  1872
Block: Large shield      |       |    39 |   415 |  1115 |  2118 |  1723 |  1379 ||  6789
       Reflection        |       |       |       |       |    66 |    86 |     6 ||   158
       Rpst.: Falchion   |       |       |       |     5 |     4 |     3 |       ||    12
       Long sword        |       |       |       |       |       |     4 |       ||     4
